[Event "WCCC G10 2019"]
[Site "Weifang"]
[Date "2019.08.30"]
[Round "9.4"]
[White "Feng, Angela"]
[Black "Mou, Iris"]
[Result "1-0"]
[ECO "C12"]
[WhiteElo "1426"]
[BlackElo "1669"]
[Annotator "NA"]
[PlyCount "161"]
[EventDate "2019.08.21"]
[EventType "swiss"]
[EventCountry "CHN"]
[SourceTitle "playchess.com"]
[Source "ChessBase"]
[SourceQuality "1"]
[TimeControl "40/5400+30:1800+30"]

1. e4 e6 2. d4 d5 3. Nc3 Nf6 4. Bg5 Bb4 5. e5 h6 6. exf6 hxg5 7. fxg7 Rg8 8. Qd3 Rxg7 9. h3 Nc6 10. Nf3 Qf6 11. Qe3 Qe7 12. Bb5 Bd7 13. O-O-O O-O-O 14. a3 Bd6 15. Kb1 Kb8 16. Rhe1 a6 17. Bxc6 Bxc6 18. Ne5 Ka7 19. Na2 Be8 20. Nd3 Bb5 21. Nab4 Re8 22. Nc5 b6 23. Ncd3 a5 24. Na2 Kb7 25. Nc3 Ba6 26. Qf3 c6 27. Na4 Rh8 28. Rh1 Rh4 29. g4 Rgh7 30. Rde1 Qe8 31. Ne5 c5 32. dxc5 Bxe5 33. Rxe5 Qxa4 34. cxb6 Qf4 35. Qc3 Qc4 36. Qf3 Rxh3 37. Rxh3 Qf1+ 38. Ka2 Qxh3 39. Qf6 Bc4+ 40. b3 Bb5 41. Qe7+ Kxb6 42. Qd6+ Bc6 43. Qb8+ Kc5 44. b4+ Kc4 45. Qb6 Kc3 46. Re3+ Qxe3 47. Qxe3+ Kxc2 48. Qc5+ Kd3 49. Qxc6 axb4 50. Qb5+ Ke4 51. Qxb4+ Kf3 52. Qd4 Rh2 53. Qe3+ Kg2 54. Qg3+ Kh1 55. a4 Rg2 56. Qf3 Kg1 57. Qd1+ Kxf2 58. a5 Kg3+ 59. Ka3 Rh2 60. a6 Rh8 61. a7 Ra8 62. Qd4 f6 63. Qe3+ Kxg4 64. Qxe6+ f5 65. Qb6 f4 66. Qb7 Rxa7+ 67. Qxa7 Kg3 68. Qg1+ Kh3 69. Qxg5 f3 70. Qg1 d4 71. Kb3 d3 72. Kc3 d2 73. Kxd2 f2 74. Qxf2 Kg4 75. Qf6 Kg3 76. Qf5 Kg2 77. Qf4 Kh1 78. Qg4 Kh2 79. Ke2 Kh1 80. Kf2 Kh2 81. Qg2# 1-0

[Event "WCCC G10 2019"]
[Site "Weifang"]
[Date "2019.08.30"]
[Round "9.5"]
[White "Jiang, Tianyu"]
[Black "Kaliakhmet, Elnaz"]
[Result "1-0"]
[ECO "B55"]
[WhiteElo "1381"]
[BlackElo "1538"]
[Annotator "NA RC"]
[PlyCount "111"]
[EventDate "2019.08.21"]
[EventType "swiss"]
[EventCountry "CHN"]
[SourceTitle "playchess.com"]
[Source "ChessBase"]
[SourceQuality "1"]
[TimeControl "40/5400+30:1800+30"]

1. e4 c5 2. Nf3 d6 3. d4 cxd4 4. Nxd4 Nf6 5. f3 e5 6. Nb3 Be6 7. c4 Nc6 8. Be3 Rc8 9. Qd2 Be7 10. Be2 Qc7 11. O-O O-O 12. Rc1 Qb8 13. Nc3 Rfd8 14. Nd5 Rd7 15. a4 Bd8 16. a5 Bxd5 17. cxd5 Ne7 18. Bg5 Ng6 19. Rxc8 Qxc8 20. Be3 Qb8 21. Qb4 Nh5 22. Bf1 Nhf4 23. Nd2 Bg5 24. Nc4 Be7 25. a6 b6 26. Bxb6 axb6 27. Qxb6 Qxb6+ 28. Nxb6 Ra7 29. Nc8 Ra8 30. Nb6 Ra7 31. Rc1 f6 32. Rc8+ Kf7 33. Ra8 Rxa8 34. Nxa8 Nf8 35. Bb5 N4e6 36. dxe6+ Nxe6 37. Bc4 d5 38. Bxd5 Bc5+ 39. Kf1 Ke7 40. Bxe6 Kxe6 41. b4 Ba7 42. b5 Kd7 43. b6 Bxb6 44. Nxb6+ Kc6 45. a7 Kb7 46. a8=Q+ Kxb6 47. Qd5 Kc7 48. Qe6 Kd8 49. Qf7 Kc8 50. Qe7 Kb8 51. Ke2 Kc8 52. Kd3 Kb8 53. Kc4 Kc8 54. Kc5 Kb8 55. Kb6 Kc8 56. Qe8# 1-0

[Event "WCCC G10 2019"]
[Site "Weifang"]
[Date "2019.08.30"]
[Round "9.9"]
[White "Sachi Jain"]
[Black "Shukhman, Anna"]
[Result "0-1"]
[ECO "A08"]
[WhiteElo "1282"]
[BlackElo "1806"]
[Annotator "NA RC"]
[PlyCount "96"]
[EventDate "2019.08.21"]
[EventType "swiss"]
[EventCountry "CHN"]
[SourceTitle "playchess.com"]
[Source "ChessBase"]
[SourceQuality "1"]
[TimeControl "40/5400+30:1800+30"]

1. e4 c5 2. Nf3 e6 3. d3 Nc6 4. Nbd2 d5 5. g3 Nf6 6. Bg2 dxe4 7. dxe4 e5 8. O-O Be7 9. Qe2 O-O 10. c3 h6 {[%emt 0:03:27] A08: King's Indian Attack} (10... Qc7 11. Nc4 Be6 12. Nh4 Rad8 13. Nf5 Rfe8 14. Bg5 h6 15. Bxf6 Bxf6 16. Nce3 Ne7 17. h4 Kh7 18. Kh2 Ng8 {1-0 (49) Vallejo Pons,F (2710)-Bellia,F (2433) Gallipoli 2017}) 11. Nc4 Qc7 12. Ne3 Be6 13. Nh4 Rfd8 14. Nhf5 Bf8 15. Qf3 Nh7 $146 ({Predecessor:} 15... Be7 16. g4 Rd7 17. h4 Rad8 18. g5 hxg5 19. hxg5 {1-0 (37) Martinez Duany,L (2463)-Andrenko,I (2233) Mexico City 2012}) 16. Nd5 Qc8 17. g4 c4 18. Qe2 b5 19. a4 b4 20. Qxc4 bxc3 21. Qxc3 Bxf5 22. exf5 Nd4 23. Qh3 (23. Qxc8 $14 Raxc8 24. Be3) 23... Rb8 24. f6 Qe6 (24... Rb3 $5 25. Qh5 $8 Qe6 26. fxg7 Bxg7 $15) 25. fxg7 Bxg7 26. Nc3 Rb3 27. Rb1 $2 {[%emt 0:01:50] [#]} (27. Qh4 $14 {keeps the upper hand.} Rd7 28. Ne4) 27... Ne2+ $1 {[%emt 0:01:12] Pin} 28. Kh1 Nxc3 29. bxc3 Rxb1 30. Be4 Ng5 $19 31. Bxg5 Rxf1+ 32. Qxf1 hxg5 33. Qe2 Qd7 34. a5 Qd1+ 35. Qxd1 Rxd1+ 36. Kg2 Ra1 37. c4 Rxa5 38. Bd5 Bf8 39. Kf3 Ra2 40. Ke4 Re2+ 41. Kf5 Be7 42. c5 Bxc5 43. Kxg5 Rxf2 44. h4 Be3+ 45. Kh5 Kg7 46. g5 Rf4 47. Bc4 Rxc4 48. g6 fxg6# 0-1

[Event "WCCC G10 2019"]
[Site "Weifang"]
[Date "2019.09.01"]
[Round "11.1"]
[White "Lee, Alice"]
[Black "Zhou, Yafei"]
[Result "1-0"]
[ECO "E92"]
[WhiteElo "1822"]
[BlackElo "1757"]
[Annotator "NA RC"]
[PlyCount "113"]
[EventDate "2019.08.21"]
[EventType "swiss"]
[EventCountry "CHN"]
[SourceTitle "playchess.com"]
[Source "ChessBase"]
[SourceQuality "1"]
[TimeControl "40/5400+30:1800+30"]

1. d4 Nf6 2. c4 g6 3. Nc3 Bg7 4. e4 d6 5. Nf3 O-O 6. Be2 e5 7. d5 a5 8. Bg5 Na6 9. Nd2 Qe8 10. a3 Bd7 11. b3 h6 {[%emt 0:12:30] E92: King's Indian: Classical: 6 Be2 e5: 7 dxe5, 7 Be3 and Petrosian System without 7...Nbd7} 12. Be3 Nh7 13. Rb1 (13. O-O f5 14. f3 Kh8 15. Rb1 Nc5 16. Qc2 b6 17. b4 Nb7 18. Nb5 {1-0 (94) Stocek,J (2566)-McShane,L (2640) Katowice 2017}) 13... f5 14. f3 $1 b6 15. b4 Qe7 $146 ({Predecessor:} 15... axb4 16. axb4 f4 17. Bf2 g5 18. Qb3 Qg6 19. Kd1 {1-0 (42) Peek,M (2325)-Ducarmon,R (2091) Vlissingen 2016}) 16. O-O f4 17. Bf2 g5 18. c5 axb4 {[%emt 0:06:29] [#]} (18... bxc5 $16 19. b5 (19. bxa5 Nf6 $14) 19... Nb4) 19. cxd6 $1 cxd6 20. axb4 h5 (20... b5 $142 21. Nxb5 (21. Bxb5 Bxb5 22. Nxb5 Rfb8 $18) 21... g4 22. fxg4 Rfb8) 21. Bxb6 Nf6 22. Bf2 Bh6 23. Nc4 g4 24. Nb6 g3 25. hxg3 ({Less strong is} 25. Nxa8 gxf2+ 26. Rxf2 Rxa8 $16) 25... fxg3 26. Bxg3 ({Worse is} 26. Nxa8 gxf2+ 27. Rxf2 Ng4 $15) 26... Qg7 {[%emt 0:00:44] [#]} 27. Bf2 ({Don't take} 27. Nxa8 $6 Qxg3 28. Qe1 Qxe1 $16) (27. Kh2 $1 $18 Kh7 28. Bh4 (28. Nxa8 Rg8 $15)) 27... Bh3 $1 28. g3 Be3 $1 29. Kh1 Bxb6 (29... Ng4 $1 $15 30. fxg4 Bxf2 31. Nxa8 (31. Rxf2 Rxf2 32. Qd3 Raf8 $19) 31... Bxf1 32. Bxf1 (32. Qxf1 $2 hxg4 33. Kg2 Bd4 $19) 32... hxg4) 30. Bxb6 Bxf1 ({But not} 30... Qxg3 $2 31. Rg1 $18) 31. Qxf1 Qxg3 32. Bf2 Qf4 33. Qh3 Nc7 {[%emt 0:07:45] [#]} (33... Kh8 $11 {remains equal.}) 34. Rg1+ (34. b5 $1 $16 Ra3 35. Be1 (35. Rg1+ Kh8 $11)) 34... Kf7 $2 {[%emt 0:00:47] [#]} (34... Kh7 $11 {and Black is okay.}) 35. Nb5 $1 Rg8 36. Nxc7 Rxg1+ 37. Bxg1 Ra1 38. Nb5 Qg5 39. Nxd6+ Kg6 40. Qf5+ Qxf5 41. Nxf5 Nxd5 42. Nh4+ Kg5 43. exd5 Kxh4 44. Kg2 (44. d6 $142 Ra8 45. Bb6) 44... Ra2 45. Bf2+ $2 (45. Kf1 Ra1+ 46. Kf2) 45... Kg5 46. Bf1 h4 47. Kg1 Kf4 48. Bxh4 (48. b5 $142 Kf5 49. d6) 48... Kxf3 49. b5 e4 50. b6 e3 51. b7 Rb2 52. d6 Rb1 53. Kh2 Rb2+ 54. Kh3 e2 55. Bg2+ Kf4 56. d7 Rb3+ 57. Kh2 1-0

[Event "WCCC G10 2019"]
[Site "Weifang"]
[Date "2019.09.01"]
[Round "11.2"]
[White "Shukhman, Anna"]
[Black "Chen, Yining"]
[Result "0-1"]
[ECO "C68"]
[WhiteElo "1806"]
[BlackElo "1744"]
[Annotator "NA"]
[PlyCount "158"]
[EventDate "2019.08.21"]
[EventType "swiss"]
[EventCountry "CHN"]
[SourceTitle "playchess.com"]
[Source "ChessBase"]
[SourceQuality "1"]
[TimeControl "40/5400+30:1800+30"]

1. e4 e5 2. Nf3 Nc6 3. Bb5 a6 4. Bxc6 dxc6 5. O-O Bd6 6. d4 exd4 7. Qxd4 f6 8. Nbd2 Be6 9. b3 Qe7 {[%emt 0:04:40] C68: Ruy Lopez: Exchange Variation, sidelines} 10. Nc4 Bc5 11. Qd3 Qd7 12. Qc3 $146 ({Predecessor:} 12. Qxd7+ Bxd7 13. Be3 Be7 14. Nd4 O-O-O 15. Rad1 Re8 16. f3 Bf8 17. Bf2 {½-½ (44) Nisipeanu,L (2683)-Carlsen,M (2850) Reykjavik 2015}) 12... O-O-O 13. Bb2 Nh6 14. e5 f5 15. Ng5 (15. Bc1 $1 $14) 15... Nf7 16. Rad1 Qe7 17. Nxe6 Qxe6 18. Ne3 Ba7 19. Qc4 Qxc4 20. Nxc4 Ng5 21. Bc1 {[%emt 0:02:35] [#]} Ne6 (21... Ne4 $1 $17 22. Rde1 Rhe8) 22. c3 Rd5 23. Be3 (23. Rxd5 $11 cxd5 24. Nb2) 23... Bb8 (23... Rhd8 $17 24. Rde1 Bxe3 25. Nxe3 Rd2 26. Nxf5 Rxa2) 24. f4 Rhd8 25. Nb2 b5 26. Kf2 Kb7 27. g4 g6 {[%emt 0:03:22] [#]} 28. gxf5 $1 gxf5 29. c4 Rxd1 30. Rxd1 Rxd1 31. Nxd1 Ba7 32. Bxa7 Kxa7 33. Kf3 bxc4 34. bxc4 Kb6 35. Ne3 Nd4+ {[%emt 0:11:26] [#]} (35... Ng7 $1 $14) 36. Kf2 (36. Kg3 $1 $18) 36... c5 37. Nd5+ (37. Kg3 $142) 37... Kc6 38. Ke3 h6 {[%emt 0:00:55] [#]} 39. h4 (39. Nf6 $1 $18) 39... Kd7 40. Nf6+ Ke6 41. Nd5 Kd7 42. h5 c6 {[%emt 0:02:15] [#]} 43. Nf6+ $1 Ke7 44. a4 Nc2+ 45. Kd3 Nd4 46. a5 Ke6 47. Ne8 Ke7 48. Nd6 Kd7 49. Nf7 Ne6 50. Nxh6 Ng7 $2 {[%emt 0:00:00] [#]} (50... Nxf4+ $11 {and Black has nothing to worry.} 51. Ke3 Nxh5) 51. Nf7 $1 Nxh5 $18 52. Ke3 Ng7 53. Nd6 Ke7 54. Kf3 Kd7 55. Nb7 Ne6 56. Kg3 Ke7 57. Nd6 Nd4 58. Kh4 Nf3+ 59. Kh5 Ke6 60. Nb7 Nd2 61. Nxc5+ Ke7 62. Nb3 Nxb3 63. Kh4 Nxa5 64. Kg3 Nxc4 65. Kf3 a5 66. Ke2 Ke6 67. Kd3 Nxe5+ 68. fxe5 Kxe5 69. Kc4 f4 70. Kc5 a4 71. Kb6 a3 72. Kb7 a2 73. Kc7 a1=Q 74. Kb8 f3 75. Kb7 f2 76. Kc7 f1=Q 77. Kb7 Qaa6+ 78. Kc7 Qf7+ 79. Kb8 Qab7# 0-1

[Event "WCCC G10 2019"]
[Site "Weifang"]
[Date "2019.09.01"]
[Round "11.3"]
[White "Li, Rachael"]
[Black "Khamdamova, Afruza"]
[Result "1/2-1/2"]
[ECO "C54"]
[WhiteElo "1911"]
[BlackElo "1607"]
[Annotator "NA RC"]
[PlyCount "92"]
[EventDate "2019.08.21"]
[EventType "swiss"]
[EventCountry "CHN"]
[SourceTitle "playchess.com"]
[Source "ChessBase"]
[SourceQuality "1"]
[TimeControl "40/5400+30:1800+30"]

1. e4 e5 2. Nf3 Nc6 3. Bc4 Nf6 4. d3 Bc5 5. c3 O-O 6. Bb3 {[%emt 0:00:00] C54: Giuoco Piano: 4 c3 Nf6, main lines with 5 d4 and 5 d3} (6. O-O d5 7. exd5 Nxd5 8. Re1 Bg4 9. Nbd2 Nb6 10. h3 Bh5 11. Bb3 Qxd3 12. Nxe5 Bxd1 13. Nxd3 Bxb3 14. axb3 Be7 15. b4 a6 16. Ne4 Nd7 {1-0 (40) Giri,A (2797)-Harikrishna,P (2723) Shenzhen 2019}) 6... d5 7. Qe2 h6 8. Nbd2 Be6 9. Nf1 Ng4 10. Ne3 Nxe3 11. Bxe3 d4 $146 ({Predecessor:} 11... Bxe3 12. fxe3 dxe4 13. dxe4 Bxb3 14. axb3 {1-0 (53) Mantovani,R (2369)-Menoni,V (2228) Bratto 2002}) 12. Bd2 Bxb3 13. axb3 a5 14. O-O Qe7 15. g3 Qe6 16. c4 Be7 17. Ne1 f5 18. exf5 Rxf5 19. Ng2 Qf7 20. f4 Rf8 {[%emt 0:03:33] [#]} 21. fxe5 (21. g4 $1 $16 Rf6 22. f5) 21... Rxe5 ({Reject} 21... Nxe5 $6 22. Rxf5 Qxf5 23. Bf4 $14) 22. Qg4 Rf5 23. Rxf5 Qxf5 24. Qxf5 Rxf5 25. Rf1 Rxf1+ 26. Kxf1 Ne5 (26... g5 $15) 27. Ke2 b6 28. Bf4 Bd6 29. Bxe5 Bxe5 30. Kf3 Kf7 31. Ke4 Ke6 32. Nh4 Bf6 33. Nf3 c5 34. h3 g6 35. g4 g5 36. Ng1 Be5 37. Ne2 Bc7 38. Kf3 Bd6 39. Ke4 Bc7 40. Ng1 Bf4 41. Ne2 Bc7 42. Kf3 Bd6 43. Ng3 Bxg3 44. Kxg3 Ke5 45. Kf3 Kf6 46. Ke4 {[%emt 0:00:14] Ke5+} Ke6 $11 1/2-1/2

[Event "WCCC G10 2019"]
[Site "Weifang"]
[Date "2019.09.01"]
[Round "11.4"]
[White "Zhao, Yunqing"]
[Black "Feng, Eunice"]
[Result "1-0"]
[ECO "D77"]
[WhiteElo "1539"]
[BlackElo "1280"]
[Annotator "NA RC"]
[PlyCount "79"]
[EventDate "2019.08.21"]
[EventType "swiss"]
[EventCountry "CHN"]
[SourceTitle "playchess.com"]
[Source "ChessBase"]
[SourceQuality "1"]
[TimeControl "40/5400+30:1800+30"]

1. d4 Nf6 2. c4 g6 3. g3 Bg7 4. Bg2 O-O 5. Nf3 d5 6. O-O dxc4 7. Na3 c3 8. bxc3 c5 9. e3 Nc6 10. Qe2 Bf5 11. Bb2 Rc8 12. Rac1 Qb6 13. Rfd1 cxd4 14. cxd4 Nb4 15. Bc3 Ne4 16. Be1 Nd5 17. Nb1 Rxc1 18. Rxc1 Rc8 19. Rxc8+ Bxc8 20. Qc2 Nd6 21. e4 Nb4 22. Qb3 Nc6 23. Qxb6 axb6 24. d5 Na5 25. e5 Ndc4 26. Bc3 Bg4 27. Nbd2 e6 28. d6 Bxf3 29. d7 Nc6 30. Bxf3 Bxe5 31. Nxc4 Bxc3 32. Bxc6 Bf6 33. Bxb7 Kf8 34. Nxb6 Ke7 35. Bc8 Be5 36. a4 Bc7 37. a5 Kd8 38. Nc4 Bb8 39. a6 Ba7 40. Ne5 1-0

[Event "WCCC G10 2019"]
[Site "Weifang"]
[Date "2019.09.01"]
[Round "11.6"]
[White "Jiang, Tianyu"]
[Black "Kirtadze, Anastasia"]
[Result "0-1"]
[ECO "B55"]
[WhiteElo "1381"]
[BlackElo "1532"]
[Annotator "NA RC"]
[PlyCount "148"]
[EventDate "2019.08.21"]
[EventType "swiss"]
[EventCountry "CHN"]
[SourceTitle "playchess.com"]
[Source "ChessBase"]
[SourceQuality "1"]
[TimeControl "40/5400+30:1800+30"]

1. e4 c5 2. Nf3 d6 3. d4 cxd4 4. Nxd4 Nf6 5. f3 e5 6. Nb3 Be6 7. c4 Nc6 8. Be3 Be7 9. Nc3 O-O 10. Qd2 a6 11. Be2 Qc7 12. Rc1 Qd8 13. O-O Ne8 14. Nd5 f5 15. Bd3 f4 16. Bb6 Qd7 17. Bf2 Qd8 18. Na1 Bf6 19. b4 Bxd5 20. cxd5 Nd4 21. Nc2 Nxc2 22. Rxc2 Bh4 23. Rfc1 Bxf2+ 24. Qxf2 Kh8 25. Rc3 Rg8 26. g3 fxg3 27. hxg3 Rf8 28. Kg2 h6 29. a4 Qg5 30. Re1 Nf6 31. Qe3 Qg6 32. Rg1 Nh5 33. Kf2 Rf7 34. Be2 Raf8 35. g4 Nf4 36. Bf1 Qg5 37. Rh1 Qe7 38. a5 Kg8 39. Kg3 Ng6 40. Be2 Rf4 41. Bd1 R4f6 42. Be2 Nf4 43. Bd1 Rg6 44. Be2 h5 45. Bf1 hxg4 46. fxg4 Qg5 47. Be2 Rh6 48. Bf3 Rxh1 49. Bxh1 Qh6 50. Bf3 Qh3+ 51. Kf2 Qh2+ 52. Ke1 Ng2+ 53. Bxg2 Qxg2 54. Qe2 Qg1+ 55. Kd2 Rf2 56. Rc8+ Kh7 57. Qxf2 Qxf2+ 58. Kd1 Qd4+ 59. Ke1 Qxe4+ 60. Kf1 Qf3+ 61. Ke1 Qxg4 62. Re8 Qe4+ 63. Kf2 Qxd5 64. Re7 e4 65. Ke3 Qd3+ 66. Kf2 Qd2+ 67. Kf1 e3 68. Rxe3 Qxe3 69. Kg2 d5 70. Kf1 d4 71. Kg2 d3 72. Kf1 d2 73. Kg2 d1=Q 74. Kh2 Qdg1# 0-1

[Event "WCCC G10 2019"]
[Site "Weifang"]
[Date "2019.09.01"]
[Round "11.9"]
[White "Indira Priyadharshini Subbu"]
[Black "Mou, Iris"]
[Result "0-1"]
[ECO "C12"]
[WhiteElo "1346"]
[BlackElo "1669"]
[Annotator "NA RC"]
[PlyCount "162"]
[EventDate "2019.08.21"]
[EventType "swiss"]
[EventCountry "CHN"]
[SourceTitle "playchess.com"]
[Source "ChessBase"]
[SourceQuality "1"]
[TimeControl "40/5400+30:1800+30"]

1. e4 e6 2. d4 d5 3. Nc3 Nf6 4. Bg5 Bb4 5. e5 h6 6. exf6 hxg5 7. fxg7 Rg8 8. a3 Ba5 9. Qh5 Qf6 10. O-O-O Bxc3 11. bxc3 c5 12. dxc5 Qxc3 13. Qxg5 Qxa3+ 14. Kb1 Qb4+ 15. Kc1 Nc6 16. Qf6 Qxc5 17. h4 Nb4 18. Bd3 Qe7 19. Qxe7+ Kxe7 20. h5 Nxd3+ 21. Rxd3 Rxg7 22. h6 Rh7 23. g4 f6 24. f4 Bd7 25. g5 fxg5 26. fxg5 Be8 27. Rg3 Bg6 28. Nf3 Kd6 29. Nh4 Rg8 30. Rf1 Ke7 31. Rb3 b6 32. Ra3 a5 33. Rb3 Be4 34. Rxb6 Rxg5 35. Rb7+ Kd6 36. Rxh7 Bxh7 37. Rf7 Rh5 38. Rxh7 Rxh4 39. Ra7 Rxh6 40. Rxa5 Ke5 41. c4 Ke4 42. cxd5 exd5 43. Ra3 Rh1+ 44. Kd2 Rh2+ 45. Kd1 Rf2 46. Ke1 Rg2 47. Kd1 Kd4 48. Ke1 Kc4 49. Kd1 d4 50. Rh3 Ra2 51. Rg3 Ra1+ 52. Kd2 Rh1 53. Rf3 Rg1 54. Rh3 Rg2+ 55. Kd1 Rb2 56. Kc1 Re2 57. Kd1 Rf2 58. Ke1 Rc2 59. Kd1 Rc3 60. Rh4 Rg3 61. Ke2 Kc3 62. Kf2 Rg7 63. Rh3+ Kd2 64. Ra3 Rf7+ 65. Kg2 d3 66. Ra2+ Ke1 67. Ra1+ Ke2 68. Ra2+ d2 69. Rb2 Ke1 70. Rb1+ d1=Q 71. Rxd1+ Kxd1 72. Kg3 Ke2 73. Kg4 Ke3 74. Kg5 Ke4 75. Kg6 Rf5 76. Kg7 Ke5 77. Kg6 Ke6 78. Kg7 Rf6 79. Kg8 Rf7 80. Kh8 Kf6 81. Kg8 Kg6 0-1

[Event "WCCC G10 2019"]
[Site "Weifang"]
[Date "2019.09.01"]
[Round "11.10"]
[White "Li, Shutong"]
[Black "Rouda Essa, Alserkal"]
[Result "1/2-1/2"]
[ECO "E94"]
[WhiteElo "1307"]
[BlackElo "1601"]
[Annotator "NA"]
[PlyCount "98"]
[EventDate "2019.08.21"]
[EventType "swiss"]
[EventCountry "CHN"]
[SourceTitle "playchess.com"]
[Source "ChessBase"]
[SourceQuality "1"]
[TimeControl "40/5400+30:1800+30"]

1. d4 Nf6 2. Nf3 g6 3. c4 Bg7 4. Nc3 O-O 5. e4 d6 6. Be2 Nbd7 7. O-O e5 8. d5 Nc5 9. Nd2 a5 10. Rb1 Ne8 11. b3 f5 12. a3 f4 13. b4 Na6 14. Na4 axb4 15. axb4 Bd7 16. Nc3 h5 17. Ba3 Nc5 18. Ra1 Na4 19. Qb3 h4 20. c5 g5 21. Bd3 Nf6 22. Nb5 Be8 23. Bc1 Nb6 24. cxb6 Rxa1 25. Na3 cxb6 26. Qb2 Rxc1 27. Rxc1 Bg6 28. Qc3 Nxd5 29. Qc4 Qe7 30. Qxd5+ Bf7 31. Qb5 Ra8 32. Nac4 Be6 33. Nxb6 Ra2 34. Bc2 Kh7 35. Qf1 g4 36. Nd5 Qg5 37. Nc4 Qg6 38. Nc3 Ra8 39. Nxd6 g3 40. Nf5 Bf6 41. Nd5 Bg5 42. Re1 Ra2 43. Rc1 f3 44. Nfe3 gxf2+ 45. Qxf2 Bxd5 46. exd5 Rxc2 47. Rxc2 Bxe3 48. Qxe3 Qxc2 49. Qxf3 Qb1+ 1/2-1/2